 Dungeon Crawl Stone Soup version 0.21.0-3-g78d12a8 (webtiles) character file.

1639750 Suckerboh the Ninja (level 27, 141/141 HPs)
             Began as a Spriggan Enchanter on Jan 9, 2018.
             Was the Champion of Dithmenos.
             Escaped with the Orb
             ... and 3 runes on Jan 10, 2018!
             The game lasted 05:04:35 (74253 turns).

Suckerboh the Ninja (Spriggan Enchanter)           Turns: 74253, Time: 05:04:36

Health: 141/141    AC: 21    Str:  4    XL:     27
Magic:  47/47      EV: 39    Int: 19    God:    Dithmenos [******]
Gold:   5703       SH: 12    Dex: 27    Spells: 20/64 levels left

rFire    + + .     SeeInvis +   a - +7 rapier (elec)
rCold    + . .     Gourm    .   Z - +2 buckler "Latosm" {+Blink rElec}
rNeg     . . .     Faith    .   X - +4 faerie dragon scales {Regen+ rCorr}
rPois    .         Spirit   .   (helmet restricted)
rElec    +         Reflect  .   G - scarf {rC+ rF+}
rCorr    +         Harm     .   (gloves unavailable)
MR       +++++                  (boots unavailable)
Stlth    +++++++...             W - amulet of magic regeneration
HPRegen  0.73/turn              l - ring of protection from fire
MPRegen  0.55/turn              Q - ring of Robustness {AC+8}

@: wreathed by umbra, studying Invocations, deflect missiles, very quick
A: very small, unfitting armour, hooves 1, rugged brown scales 1, see invisible,
agile 1, blink, deterioration 1, dopey 1, herbivore, speed 3, magic resistance
1, slow metabolism 2
0: Orb of Zot
}: 3/15 runes: decaying, serpentine, silver
a: Blink, Shadow Step, Shadow Form, Renounce Religion, Evoke Blink


You escaped.
You worshipped Dithmenos.
Dithmenos was exalted by your worship.
You were not hungry.

You visited 10 branches of the dungeon, and saw 48 of its levels.
You visited 1 ziggurat, and saw 5 of its levels.
You also visited: Ice Cave.

You collected 6761 gold pieces.
You spent 1058 gold pieces at shops.

Inventory:

Hand Weapons
 a - a +7 rapier of electrocution (weapon)
 Y - a +2 demon blade of venom
Armour
 G - a scarf of resistance (worn)
 M - a +2 robe of positive energy
 T - the +5 robe of Night {Dark MR+ SInv}
   (You bought it in a shop on level 2 of the Orcish Mines)

   It affects your resistance to hostile enchantments.
   It lets you see invisible.
 V - a scarf of repulsion
 X - the +4 faerie dragon scales (worn) {Regen+ rCorr}
   (You took it off the Enchantress on level 3 of the Depths)

   It increases your rate of regeneration.
   It protects you from acid and corrosion.
 Z - the +2 buckler "Latosm" (worn) {+Blink rElec}
   (You found it on level 1 of the Vaults)

   It insulates you from electricity.
   It lets you blink.
Jewellery
 c - an uncursed ring of protection from magic
 l - a ring of protection from fire (left hand)
 n - a +4 amulet of reflection
 o - the ring of the Five Shrikes {Ice +Blink rPois Str+4 Dex-5}
   (You took it off a draconian scorcher on level 4 of the Realm of Zot)

   [ring of ice]

   It enhances your ice magic.
   It affects your strength (+4).
   It affects your dexterity (-5).
   It makes you vulnerable to fire.
   It protects you from cold.
   It protects you from poison.
   It lets you blink.
 p - an uncursed ring of poison resistance
 x - the ring of a Billion Tales {*Contam rC+ rN+ Int+3}
   (You acquired it on level 4 of the Depths)

   [ring of positive energy]

   It affects your intelligence (+3).
   It protects you from cold.
   It protects you from negative energy.
   It causes magical contamination when unequipped.
 C - the ring "Jayc" {rN+ MP+9 Str+4 Int+2}
   (You took it off a vault guard on level 5 of the Vaults)

   [ring of intelligence]

   It affects your strength (+4).
   It affects your intelligence (+2).
   It protects you from negative energy.
   It affects your magic capacity (+9).
 E - the ring of Incredulity {rN+ Int+4 Dex+3}
   (You found it on level 4 of the Depths)

   [ring of intelligence]

   It affects your intelligence (+4).
   It affects your dexterity (+3).
   It protects you from negative energy.
 Q - the ring of Robustness (right hand) {AC+8}
   (You found it in an ice cave)

   [ring of protection]

   It affects your AC (+8).
 S - an uncursed ring of flight
 W - an amulet of magic regeneration (around neck)
Wands
 v - a wand of paralysis (107)
 K - a wand of polymorph (62)
 L - a wand of acid (34)
 R - a wand of digging (11)
Scrolls
 b - a scroll of silence
 g - 10 scrolls of identify
 h - 18 scrolls of remove curse
 i - 22 scrolls of teleportation
 j - 15 scrolls of amnesia
 s - 3 scrolls of enchant armour
 u - a scroll of brand weapon
 z - 6 scrolls of blinking
 B - 5 scrolls of magic mapping
 F - 7 scrolls of fog
 I - 11 scrolls of fear
 N - 5 scrolls of vulnerability
Potions
 e - 10 potions of ambrosia
 f - 7 potions of flight
 k - 2 potions of agility
 m - 6 potions of magic
 q - 2 potions of heal wounds
 r - 13 potions of curing
 w - a potion of cancellation
 A - a potion of resistance
 D - 4 potions of haste
 H - 3 potions of brilliance
 J - 2 potions of invisibility
 O - 2 potions of might
Books
 y - a manual of Invocations
Miscellaneous
 t - a phial of floods
 P - 2 phantom mirrors
Comestibles
 d - 62 rations


   Skills:
 * Level 12.2 Fighting
 - Level 14.0 Short Blades
 * Level 10.7 Armour
 O Level 27 Dodging
 O Level 27 Stealth
 - Level 7.2 Shields
 - Level 19.1 Spellcasting
 - Level 18.5 Hexes
 - Level 15.7 Charms
 - Level 4.1 Summonings
 - Level 6.2 Translocations
 - Level 1.3 Ice Magic
 - Level 10.2 Air Magic
 - Level 3.7 Poison Magic
 + Level 13.2 Invocations
 * Level 13.8 Evocations


You had 20 spell levels left.
You knew the following spells:

 Your Spells              Type           Power        Failure   Level  Hunger
a - Corona                Hex            ######.      0%          1    None
b - Ensorcelled Hibernat  Hex/Ice        ######       1%          2    None
c - Confuse               Hex            ######..     0%          3    None
d - Dazzling Spray        Conj/Hex       ######       1%          3    None
e - Blink                 Tloc           N/A          1%          2    None
f - Mephitic Cloud        Conj/Pois/Air  #####...     2%          3    None
g - Regeneration          Chrm/Necr      #####.....   1%          3    None
h - Deflect Missiles      Chrm/Air       ######....   4%          6    ####...
i - Swiftness             Chrm/Air       ######..     1%          2    None
j - Invisibility          Hex            ######..     1%          6    ####...
k - Passage of Golubria   Tloc           N/A          4%          4    None
l - Summon Mana Viper     Hex/Summ       ######..     1%          5    ##.....
m - Cause Fear            Hex            ######....   1%          4    None


Dungeon Overview and Level Annotations

Branches:
Dungeon (15/15)            Temple (1/1) D:6            Lair (6/6) D:8
  Swamp (4/4) Lair:4        Snake (4/4) Lair:4        Slime (0/5) Lair:6
    Orc (2/2) D:12            Elf (1/3) Orc:2        Vaults (5/5) D:13
  Crypt (0/3) Vaults:3     Depths (5/5) D:15            Zot (5/5) Depths:5

Altars:
Ashenzari
Cheibriados
Dithmenos
Elyvilon
Fedhas
Hepliaklqana
Kikubaaqudgha
Nemelex Xobeh
Sif Muna
Trog
Uskayaw
Vehumet
Xom
Yredelemnul
Zin
Beogh
Jiyva

Shops:
D:13 *   Orc:2 *[(%   Snake:3 ?   Snake:4 %   Vaults:2 [   Vaults:3 [[((
Vaults:5 %

Portals:
Hell: Depths:1 Depths:2 Depths:3 Depths:4 Depths:5
Abyss: Depths:4
Pandemonium: Depths:1 Depths:2 Depths:3
Trove: D:15 (show abyssal rune of Zot)

Annotations:
D:14 exclusion: Roxanne, Roxanne
Lair:3 exclusion: 2 oklob plants
Vaults:3 Mara
Depths:2 exclusion: ice statue
Zot:3 Amaterasu's ghost, legendary DDNe
Zot:4 Zeloya's ghost, legendary KoWn


Innate Abilities, Weirdness & Mutations

You are very small and have problems with some larger weapons.
You are too small for most types of armour.
You have supernaturally acute eyesight. (SInv)
You are a herbivore.
You cover ground extremely quickly.
You need consume almost no food.
You have large cloven feet.
You are partially covered in rugged brown scales. (AC +1, +3% HP)
You are agile. (Dex +2)
You can translocate small distances at will.
Your body sometimes deteriorates upon taking damage.
You are dopey. (Int -2)
You are resistant to hostile enchantments. (MR+)


Message History

a +1 dagger; a +1 dagger of speed
There is a stone staircase leading up here.
You climb upwards.
There is a stone staircase leading down here.
There is a stone staircase leading up here.
You climb upwards.
There is a stone staircase leading down here.
You see here a stone.
You see here a short sword.
You see here a short sword.
Evoke which item? (* to show all) (? for menu, Esc to quit)
Aiming: Dig
Press: ? - help, Shift-Dir - straight line The rock shatters into small pieces.
You feel extremely strange.
Your urge to shout disappears.
Your magical essence is no longer linked to your wands.
You feel agile.
You feel yourself wasting away.
You feel jittery.
There is a staircase leading out of the dungeon here.
You have escaped!

..#...#.##.#.(.#.#
......##.##..###.#
#...#..#.#.###.###
#..#...#..###.#..#
.....#..#.#...##.#
.##..#..##.####..#
.#..#..#.#..#..###
#.#...##.##.###..#
#....#.##...##.#@#
##################
###### .....##
.###..# .# ##.# .#
##.## .# #...#
.###.#.###


There were no monsters in sight!

Vanquished Creatures
  4 ancient liches (Zot:5)
  4 orbs of fire (Zot:5)
  Boris (Depths:4)
  Bai Suzhen (Vaults:4)
  A curse toe (Zot:2)
  3 Killer Klowns
  Saint Roka (Snake:2)
  A caustic shrike (Zig:3)
  Nikola (Swamp:2)
  10 golden dragons
  the Enchantress (Depths:3)
  A bone dragon (Depths:5)
  3 electric golems
  12 tentacled monstrosities
  3 liches
  24 Orb Guardians
  A titan (Vaults:5)
  11 quicksilver dragons
  9 death cobs
  A shadow dragon (Zot:1)
  3 thorn hunters
  15 storm dragons
  9 draconian monks
  A sphinx (Vaults:4)
  3 tengu reavers
  6 nagarajas
  8 fire giants
  14 vault wardens
  3 ghost moths
  3 deep elf sorcerers
  8 draconian scorchers
  2 draconian shifters
  6 frost giants
  12 draconian knights
  3 iron dragons
  7 draconian annihilators
  10 draconian stormcallers
  23 very ugly things
  4 spriggan defenders
  20 stone giants
  10 ironheart preservers
  3 war gargoyles
  2 entropy weavers (Lair:4)
  3 vampire knights
  2 deep elf demonologists
  Nessos (D:14)
  10 white draconians
  13 green draconians
  A deep elf annihilator (Vaults:1)
  15 black draconians
  14 red draconians
  8 yellow draconians
  2 spark wasps (Depths:3)
  A spark wasp (shapeshifter) (Depths:3)
  26 purple draconians
  Snorg (Lair:3)
  8 ettins
  A blizzard demon (Depths:2)
  A deep elf death mage (Vaults:1)
  2 merfolk javelineers (Depths:2)
  2 crystal guardians (Depths:4)
  5 great orbs of eyes
  17 yaktaur captains
  A merfolk impaler (Depths:2)
  A deep elf high priest (Vaults:5)
  7 fire dragons
  Harold (Lair:3)
  17 naga warriors
  28 vault guards
  19 ice dragons
  18 ogre magi
  5 rakshasas
  4 spriggan air magi
  2 catoblepae
  5 hydras
  5 anacondas
  A ghost crab (Swamp:3)
  11 centaur warriors
  61 two-headed ogres
  2 dancing weapons (Depths:4)
  4 death knights
  Erica (Lair:2)
  7 alligators
  2 satyrs (Depths:3)
  A queen ant (Lair:4)
  8 deep troll shamans
  2 tengu warriors
  6 death yaks (Lair:6)
  9 deep troll earth magi
  19 naga sharpshooters
  3 spriggan berserkers
  A vampire mage (Depths:5)
  Urug (Lair:2)
  7 spriggans
  4 deep elf knights
  9 hell knights
  8 shock serpents
  A titan skeleton (Vaults:3)
  A salamander mystic (Snake:4)
  3 shadow wraiths
  2 glowing orange brains
  9 iron trolls
  10 skeletal warriors
  6 naga ritualists
  A storm dragon skeleton (Vaults:3)
  26 deep trolls
  2 unseen horrors
  5 flayed ghosts
  14 ironbrand convokers
  3 swamp dragons
  4 deep elf archers
  3 harpies (Vaults:4)
  5 wizards
  Pikel (D:5)
  A harpy (shapeshifter) (Vaults:1)
  6 phantasmal warriors
  4 necromancers
  5 orc sorcerers
  2 mana vipers
  14 salamanders
  21 deep elf magi
  12 orc knights
  A sphinx skeleton (Vaults:3)
  9 cyclopes
  A tengu skeleton (Vaults:3)
  A wolf spider (Vaults:2)
  An orb spider (Zig:2)
  38 ugly things
  5 fauns (Depths:3)
  15 moths of wrath
  Maurice (D:9)
  5 elephants
  An elephant (shapeshifter) (Vaults:5)
  Joseph (D:9)
  3 stone giant skeletons (Vaults:3)
  A frost giant skeleton (Vaults:3)
  18 vault sentinels
  3 ice statues
  2 water nymphs (Depths:3)
  27 naga magi
  A torpor snail (Zig:4)
  31 black mambas
  2 guardian serpents
  6 gargoyles
  A kobold demonologist (D:15)
  33 spiny frogs
  A yaktaur (shapeshifter) (Vaults:3)
  2 rime drakes (IceCv)
  14 freezing wraiths
  55 yaktaurs
  4 efreet
  An entropy weaver simulacrum (Vaults:1)
  2 komodo dragons (Lair:6)
  5 tengu conjurers
  A demonic crawler (Zig:4)
  3 ice devils (Depths:2)
  A queen bee (Lair:5)
  A merfolk (D:9)
  A queen bee (shapeshifter) (Vaults:1)
  3 meliai (Lair:5)
  20 trolls
  3 polar bears (shapeshifter)
  18 hornets
  A meliai (shapeshifter) (Vaults:1)
  13 blink frogs
  7 dream sheep (Lair:4)
  7 tyrant leeches
  65 slime creatures
  5 bog bodies
  A slime creature (shapeshifter) (Depths:3)
  2 human simulacra (Vaults:2)
  5 air elementals
  A hippogriff (shapeshifter) (Depths:2)
  A spriggan (shapeshifter) (Vaults:3)
  9 hippogriffs
  4 shadows
  2 redbacks (Zig:4)
  2 tarantellas (Zig:4)
  4 water elementals
  6 wraiths
  A vampire (D:14)
  34 yaks
  2 wyverns
  A steam dragon (D:11)
  2 hogs (shapeshifter)
  2 hungry ghosts
  3 basilisks (Lair:3)
  6 swamp worm simulacra (Swamp:4)
  16 vampire mosquitoes
  18 swamp worms
  7 wargs
  13 insubstantial wisps
  48 nagas
  2 acid dragons
  A soldier ant (shapeshifter) (Vaults:4)
  17 soldier ants (Lair:4)
  15 hydra simulacra (Swamp:4)
  22 water moccasins
  8 porcupines
  9 swamp drakes
  A black bear (D:12)
  2 black bears (shapeshifter)
  2 sky beasts
  20 ice beasts
  2 ettin simulacra (Depths:2)
  49 ogres
  39 orc warriors
  5 phantoms
  4 wolves (Lair:2)
  19 boggarts
  A tengu (shapeshifter) (Depths:1)
  30 centaurs
  An elf skeleton (Vaults:3)
  5 human skeletons
  9 crocodiles
  Blork the orc (D:6)
  6 earth elementals
  26 bullfrogs
  A wyvern zombie (D:10)
  4 scorpions
  A wyvern skeleton (D:8)
  28 killer bees
  3 electric eels (D:12)
  A howler monkey (D:12)
  3 centaur zombies
  6 crimson imps
  6 hounds
  6 centaur skeletons
  21 orc priests
  A bullfrog skeleton (D:9)
  2 iron imps (Depths:1)
  10 iguanas
  An iguana (shapeshifter) (Vaults:5)
  23 orc wizards
  26 worker ants
  2 hound skeletons
  A hound zombie (D:5)
  3 worker ant zombies
  10 gnolls
  18 adders
  2 shadow imps
  A white imp (Depths:2)
  2 swamp drake simulacra (Swamp:4)
  2 oozes
  An adder zombie (D:7)
  2 adder skeletons
  A worm (D:2)
  A dart slug (D:1)
  7 leopard geckos
  100 orcs
  2 ball pythons
  2 giant cockroaches (D:1)
  9 goblins
  3 hobgoblins
  5 jackals
  9 kobolds
  4 quokkas
  6 bats
  11 frilled lizards
  3 quokka skeletons
  6 rats
  2 butterflies (Lair:6)
  3 plants
2129 creatures vanquished.

Vanquished Creatures (collateral kills)
  A shadow dragon (Vaults:5)
  An air elemental (Depths:5)
  A spriggan (Depths:5)
3 creatures vanquished.

Vanquished Creatures (others)
  A purple draconian (Zot:1)
  A vampire mage (Depths:1)
  A shock serpent (Snake:1)
  A deep elf archer (Elf:1)
  2 nagas
  An ettin simulacrum (Depths:2)
  2 centaurs (D:14)
  An orc (Vaults:2)
  19 fungi
  233 plants
262 creatures vanquished.

Grand Total: 2394 creatures vanquished

Notes
Turn   | Place    | Note
-------+----------+-------------------------------------------
     0 | D:1      | Suckerboh the Spriggan Enchanter began the quest for the Orb.
     0 | D:1      | Reached XP level 1. HP: 9/9 MP: 5/5
    62 | D:1      | Reached XP level 2. HP: 12/13 MP: 6/6
   702 | D:1      | Learned a level 2 spell: Ensorcelled Hibernation
   926 | D:1      | Reached XP level 3. HP: 15/16 MP: 8/8
  1296 | D:2      | Reached skill level 5 in Stealth
  1996 | D:2      | Found a shimmering altar of Xom.
  2439 | D:2      | Reached XP level 4. HP: 21/21 MP: 9/9
  2893 | D:3      | Reached XP level 5. HP: 20/25 MP: 7/10
  3935 | D:2      | Learned a level 3 spell: Confuse
  3939 | D:2      | Learned a level 3 spell: Dazzling Spray
  4000 | D:3      | Reached skill level 5 in Hexes
  4121 | D:3      | Reached skill level 1 in Ice Magic
  4121 | D:3      | Reached XP level 6. HP: 21/29 MP: 9/12
  4544 | D:3      | Reached skill level 1 in Fighting
  4830 | D:4      | Found a hide-covered altar of Uskayaw.
  4832 | D:4      | Found a blossoming altar of Fedhas.
  5076 | D:4      | Found a radiant altar of Vehumet.
  5414 | D:5      | Entered Level 5 of the Dungeon
  5468 | D:5      | Reached skill level 5 in Dodging
  5468 | D:5      | Reached XP level 7. HP: 17/33 MP: 14/14
  5477 | D:5      | Found a shattered altar of Ashenzari.
  5799 | D:5      | Reached skill level 5 in Spellcasting
  5883 | D:5      | Noticed Pikel
  5924 | D:5      | Killed Pikel
  5924 | D:5      | Reached XP level 8. HP: 39/39 MP: 17/17
  6314 | D:6      | Noticed Blork the orc
  6321 | D:6      | Killed Blork the orc
  6375 | D:6      | Found a staircase to the Ecumenical Temple.
  6412 | Temple   | Entered the Ecumenical Temple
  6439 | Temple   | Became a worshipper of Dithmenos the Shadowed
  7235 | D:7      | Reached skill level 10 in Stealth
  7828 | D:8      | Reached XP level 9. HP: 28/42 MP: 20/20
  7962 | D:8      | Found a staircase to the Lair.
  8057 | D:8      | Reached * piety under Dithmenos
  8335 | D:8      | Learned a level 2 spell: Blink
  8339 | D:8      | Learned a level 3 spell: Mephitic Cloud
  8399 | D:8      | Reached skill level 5 in Short Blades
  9159 | D:9      | Found a sparkling altar of Nemelex Xobeh.
  9168 | D:9      | Noticed a two-headed ogre
  9174 | D:9      | Noticed a two-headed ogre
  9211 | D:9      | Killed a two-headed ogre
  9312 | D:9      | Killed a two-headed ogre
  9312 | D:9      | Reached XP level 10. HP: 46/46 MP: 17/24
  9458 | D:9      | Reached ** piety under Dithmenos
  9480 | D:9      | Reached skill level 10 in Spellcasting
  9578 | D:9      | Noticed a white ugly thing
  9662 | D:9      | Killed a white ugly thing
  9886 | D:9      | Noticed a purple ugly thing
  9923 | D:9      | Killed a purple ugly thing
  9923 | D:9      | Reached skill level 10 in Hexes
  9970 | D:9      | Noticed Joseph
  9982 | D:9      | Killed Joseph
 10090 | D:9      | Noticed Maurice
 10097 | D:9      | Killed Maurice
 10194 | D:10     | Entered Level 10 of the Dungeon
 10387 | D:10     | Reached skill level 1 in Translocations
 10393 | D:10     | Reached skill level 1 in Evocations
 10393 | D:10     | Reached XP level 11. HP: 50/50 MP: 21/27
 10433 | D:10     | Reached *** piety under Dithmenos
 10751 | D:10     | Reached skill level 1 in Invocations
 11639 | D:11     | Reached **** piety under Dithmenos
 12358 | Lair:1   | Entered Level 1 of the Lair of Beasts
 13493 | Lair:2   | Reached skill level 5 in Evocations
 13582 | Lair:2   | Noticed Urug
 13586 | Lair:2   | Killed Urug
 13586 | Lair:2   | Reached XP level 12. HP: 56/56 MP: 28/28
 13603 | Lair:2   | Noticed Erica
 13612 | Lair:2   | Killed Erica
 13689 | Lair:2   | Reached skill level 15 in Stealth
 14143 | Lair:2   | Identified a scroll of acquirement
 14146 | Lair:2   | Got a steaming buckler
 14152 | Lair:2   | Identified the +0 buckler "Jytzu" {rC+} (You acquired it on level 2 of the Lair of Beasts)
 14358 | Lair:3   | Noticed Snorg
 14398 | Lair:3   | Noticed a four-headed hydra
 14451 | Lair:3   | Killed a four-headed hydra
 14620 | Lair:3   | Killed Snorg
 14821 | Lair:3   | Noticed Harold
 14828 | Lair:3   | Killed Harold
 15245 | Lair:4   | Reached ***** piety under Dithmenos
 15320 | Lair:4   | Found a staircase to the Snake Pit.
 15376 | Lair:4   | Found a staircase to the Swamp.
 15701 | Lair:4   | Noticed a queen ant
 15775 | Lair:4   | Reached XP level 13. HP: 42/60 MP: 7/29
 15889 | Lair:4   | Noticed an entropy weaver
 15961 | Lair:4   | Killed an entropy weaver
 16915 | Lair:4   | Noticed an entropy weaver
 16980 | Lair:4   | Killed an entropy weaver
 18042 | Lair:5   | Reached skill level 10 in Dodging
 18064 | Lair:5   | Reached ****** piety under Dithmenos
 18348 | Lair:6   | Entered Level 6 of the Lair of Beasts
 18493 | Lair:6   | Found a viscous altar of Jiyva.
 19226 | Lair:6   | Reached XP level 14. HP: 60/65 MP: 19/30
 19952 | Lair:6   | Found a staircase to the Slime Pits.
 20525 | D:12     | Reached skill level 1 in Shields
 20758 | D:12     | Reached skill level 5 in Invocations
 21056 | D:12     | Found a staircase to the Orcish Mines.
 21465 | Orc:1    | Entered Level 1 of the Orcish Mines
 21837 | Orc:1    | Found a roughly hewn altar of Beogh.
 22179 | Orc:2    | Entered Level 2 of the Orcish Mines
 22219 | Orc:2    | Found a staircase to the Elven Halls.
 22224 | Orc:2    | Noticed a stone giant
 22249 | Orc:2    | Killed a stone giant
 22840 | Orc:2    | Found Fyggamep's Armour Emporium.
 22843 | Orc:2    | Found Mismafoc's Food Shoppe.
 23345 | Orc:2    | Found Xirouwn's General Store.
 23350 | Orc:2    | Found Napsys's Weapon Emporium.
 23384 | Orc:2    | Bought the +5 robe of Night {Dark MR+ SInv} for 840 gold pieces
 23384 | Orc:2    | Found the +5 robe of Night {Dark MR+ SInv}
 23404 | Orc:2    | Bought a potion of agility for 56 gold pieces
 23404 | Orc:2    | Bought a scroll of teleportation for 42 gold pieces
 23474 | Elf:1    | Entered Level 1 of the Elven Halls
 23478 | Elf:1    | Reached XP level 15. HP: 70/70 MP: 31/31
 24200 | D:13     | You fall through a shaft for 2 floors!
 24200 | D:15     | Entered Level 15 of the Dungeon
 24212 | D:15     | Got a fine dagger
 24685 | D:15     | Found a frozen archway.
 24758 | IceCv    | Entered an ice cave
 25011 | IceCv    | Learned a level 3 spell: Regeneration
 25567 | IceCv    | Found the ring of Robustness {AC+8}
 25580 | IceCv    | Reached skill level 1 in Charms
 25681 | IceCv    | Identified the cursed +0 dagger "Huwk" {pierce, rElec} (You found it on level 15 of the Dungeon)
 26247 | D:14     | Noticed Roxanne
 26301 | D:14     | Noticed Nessos
 26314 | D:14     | Killed Nessos
 26344 | D:14     | Reached skill level 1 in Poison Magic
 26631 | D:13     | Found a gate to the Vaults.
 26636 | D:13     | Reached skill level 1 in Air Magic
 26689 | D:13     | Found Seker's Superlative Supplies.
 26861 | D:14     | Reached XP level 16. HP: 75/75 MP: 32/32
 27651 | D:15     | Found a portal to a secret trove of treasure.
 27894 | D:15     | Found a staircase to the Depths.
 28245 | Snake:1  | Entered Level 1 of the Snake Pit
 28261 | Snake:1  | Reached skill level 5 in Charms
 30086 | Snake:2  | Reached skill level 5 in Shields
 30161 | Snake:2  | Noticed Saint Roka
 30404 | Snake:2  | Killed Saint Roka
 30785 | Snake:3  | Found Poero's Magic Scroll Emporium.
 30794 | Snake:3  | Bought a scroll of blinking for 120 gold pieces
 31481 | Snake:3  | Reached XP level 17. HP: 79/79 MP: 33/33
 31636 | Snake:4  | Entered Level 4 of the Snake Pit
 32206 | Snake:4  | Reached skill level 10 in Short Blades
 32326 | Snake:4  | Found Nufurhur's Food Shoppe.
 32706 | Snake:4  | Reached skill level 5 in Fighting
 35010 | Snake:4  | Reached skill level 27 in Stealth
 35099 | Snake:4  | Reached skill level 15 in Dodging
 35318 | Snake:4  | Got a serpentine rune of Zot
 35544 | Swamp:1  | Entered Level 1 of the Swamp
 36893 | Swamp:2  | You fall through a shaft!
 37027 | Swamp:2  | Learned a level 6 spell: Deflect Missiles
 37067 | Swamp:2  | Noticed Nikola
 37073 | Swamp:2  | Killed Nikola
 37273 | Swamp:2  | Reached XP level 18. HP: 50/84 MP: 6/34
 38158 | Swamp:3  | Reached skill level 10 in Invocations
 38908 | Swamp:4  | Entered Level 4 of the Swamp
 39703 | Swamp:4  | Noticed a tentacled monstrosity
 40313 | Swamp:4  | Got a decaying rune of Zot
 40728 | Vaults:1 | Entered Level 1 of the Vaults
 40764 | Vaults:1 | Got a slimy buckler
 40766 | Vaults:1 | Identified the +2 buckler "Latosm" {+Blink rElec} (You found it on level 1 of the Vaults)
 40790 | Vaults:1 | Learned a level 2 spell: Swiftness
 40799 | Vaults:1 | Learned a level 6 spell: Invisibility
 40804 | Vaults:1 | Learned a level 4 spell: Passage of Golubria
 42860 | Vaults:2 | Reached XP level 19. HP: 60/89 MP: 30/35
 44067 | Vaults:2 | Found Bequk's Antique Armour Shoppe.
 44127 | Vaults:2 | Found a basalt altar of Yredelemnul.
 44879 | Vaults:3 | Found Nyphuyc's Armour Shoppe.
 45453 | Vaults:3 | Noticed Mara
 45454 | Vaults:3 | Found Daet's Antique Weapon Shop.
 45714 | Vaults:3 | Found Tuathoa's Armour Shoppe.
 46194 | Vaults:3 | Found a staircase to the Crypt.
 46598 | Vaults:3 | Reached XP level 20. HP: 94/94 MP: 36/36
 46635 | Vaults:3 | Found Oskoogiu's Antique Weapon Shoppe.
 48726 | Vaults:4 | Learned a level 5 spell: Summon Mana Viper
 48757 | Vaults:4 | Noticed Bai Suzhen
 48762 | Vaults:4 | Killed Bai Suzhen
 48762 | Vaults:4 | Reached skill level 5 in Air Magic
 49118 | Depths:1 | Entered Level 1 of the Depths
 49248 | Depths:1 | Reached skill level 1 in Summonings
 49331 | Depths:1 | Found a shattered altar of Ashenzari.
 49651 | Depths:1 | Found a gateway to Hell.
 50021 | Depths:1 | Found a one-way gate leading to the halls of Pandemonium.
 50356 | Depths:1 | Reached skill level 10 in Charms
 51663 | Depths:2 | Reached XP level 21. HP: 96/98 MP: 29/38
 52483 | Depths:2 | Reached skill level 15 in Hexes
 53321 | Depths:2 | Reached skill level 5 in Translocations
 55339 | Depths:3 | Noticed the Enchantress
 55345 | Depths:3 | Killed the Enchantress
 55407 | Depths:3 | Got faerie dragon scales
 55409 | Depths:3 | Identified the +4 faerie dragon scales {Regen+ rCorr} (You took it off the Enchantress on level 3 of the Depths)
 55682 | Depths:4 | Found a one-way gate to the infinite horrors of the Abyss.
 55909 | Depths:4 | Reached skill level 1 in Armour
 56035 | Depths:4 | Got a heavily runed silver ring
 56038 | Depths:4 | Identified the ring of a Billion Tales {*Contam rC+ rN+ Int+3} (You acquired it on level 4 of the Depths)
 56434 | Depths:4 | Reached XP level 22. HP: 90/104 MP: 26/41
 57081 | Depths:4 | Reached skill level 15 in Spellcasting
 57137 | Depths:4 | Noticed Boris
 57141 | Depths:4 | Killed Boris
 57146 | Depths:4 | Identified Cigotuvi's Handbook of Stolen Souls and Changing
 57184 | Depths:4 | Got a brightly glowing granite ring
 57185 | Depths:4 | Identified the ring of Incredulity {rN+ Int+4 Dex+3} (You found it on level 4 of the Depths)
 57281 | Depths:4 | Found a gateway to a ziggurat.
 57319 | Zig:1    | Entered Level 1 of a ziggurat
 57373 | Zig:2    | Entered Level 2 of a ziggurat
 57391 | Zig:3    | Entered Level 3 of a ziggurat
 57392 | Zig:3    | Noticed a caustic shrike
 57399 | Zig:3    | Killed a caustic shrike
 57432 | Zig:3    | Reached XP level 23. HP: 108/108 MP: 38/43
 57446 | Zig:4    | Entered Level 4 of a ziggurat
 57522 | Zig:5    | Entered Level 5 of a ziggurat
 57639 | Depths:5 | Entered Level 5 of the Depths
 58717 | Depths:5 | Noticed a juggernaut
 59509 | Depths:5 | Found a bloodstained altar of Trog.
 59726 | Depths:5 | Found a gate to the Realm of Zot.
 59729 | Depths:5 | Reached skill level 5 in Armour
 60143 | Vaults:5 | Entered Level 5 of the Vaults
 60815 | Vaults:5 | Got an ancient ivory ring
 61100 | Vaults:5 | Reached XP level 24. HP: 102/114 MP: 42/45
 61710 | Vaults:5 | HP: 5/114 [heavily etched metal wall collision (28)]
 62031 | Vaults:5 | Found Hempeuh's Food Shoppe.
 62232 | Vaults:5 | Got a silver rune of Zot
 62767 | Zot:1    | Entered Level 1 of the Realm of Zot
 64576 | Zot:1    | Found a shimmering altar of Xom.
 64683 | Zot:1    | Identified the Papyrus of the Zealot
 64710 | Zot:1    | Learned a level 4 spell: Cause Fear
 64721 | Zot:1    | Identified the Incunabulum of Fire and Brimstone
 64737 | Zot:1    | Identified the ring "Jayc" {rN+ MP+9 Str+4 Int+2} (You took it off a vault guard on level 5 of the Vaults)
 64770 | Zot:2    | Reached skill level 15 in Charms
 64770 | Zot:2    | Reached XP level 25. HP: 118/118 MP: 46/46
 65556 | Zot:2    | Reached skill level 10 in Evocations
 66635 | Zot:3    | Reached skill level 10 in Air Magic
 66825 | Zot:3    | Noticed Amaterasu's ghost (legendary DDNe)
 67466 | Zot:4    | Noticed Zeloya's ghost (legendary KoWn)
 68870 | Zot:4    | Got an ancient golden ring
 68872 | Zot:4    | Identified the ring of the Five Shrikes {Ice +Blink rPois Str+4 Dex-5} (You took it off a draconian scorcher on level 4 of the Realm of Zot)
 68986 | Zot:4    | Noticed an orb of fire
 69064 | Zot:5    | Entered Level 5 of the Realm of Zot
 69106 | Zot:5    | Reached XP level 26. HP: 125/125 MP: 47/47
 69565 | Zot:5    | Noticed an ancient lich
 69588 | Zot:5    | Killed an ancient lich
 69636 | Zot:5    | Noticed an ancient lich
 69681 | Zot:5    | Noticed an ancient lich
 69695 | Zot:5    | Killed an ancient lich
 69908 | Zot:5    | Noticed an orb of fire
 70072 | Zot:5    | Noticed an orb of fire
 70259 | Zot:5    | Noticed an ancient lich
 70363 | Zot:5    | Killed an ancient lich
 70461 | Zot:5    | Killed an ancient lich
 70461 | Zot:5    | Reached skill level 10 in Armour
 70712 | Zot:5    | Reached skill level 27 in Dodging
 70828 | Zot:5    | Reached skill level 10 in Fighting
 71006 | Zot:5    | Noticed an orb of fire
 71283 | Zot:5    | Noticed an orb of fire
 71563 | Zot:5    | Noticed an orb of fire
 71703 | Zot:5    | Gained mutation: You occasionally shout uncontrollably at your foes. [an orb of fire]
 71714 | Zot:5    | Killed an orb of fire
 71976 | Zot:5    | Gained mutation: You are clumsy. (Dex -2) [an orb of fire]
 71982 | Zot:5    | Gained mutation: Your movements are slightly less encumbered by armour. (ER -2) [an orb of fire]
 72026 | Zot:5    | Killed an orb of fire
 72265 | Zot:5    | Noticed an orb of fire
 72372 | Zot:5    | Noticed an orb of fire
 72387 | Zot:5    | Gained mutation: You expend magic power (3 MP) to strengthen your wands. [an orb of fire]
 72419 | Zot:5    | Killed an orb of fire
 72525 | Zot:5    | Gained mutation: You are weak. (Str -2) [an orb of fire]
 72567 | Zot:5    | Gained mutation: You are dopey. (Int -2) [an orb of fire]
 72576 | Zot:5    | Killed an orb of fire
 72811 | Zot:5    | Noticed an orb of fire
 72830 | Zot:5    | Lost mutation: You are clumsy. (Dex -2) [potion of mutation]
 72830 | Zot:5    | Lost mutation: You are weak. (Str -2) [potion of mutation]
 72830 | Zot:5    | Lost mutation: Your movements are slightly less encumbered by armour. (ER -2) [potion of mutation]
 72830 | Zot:5    | Gained mutation: You have large cloven feet. [potion of mutation]
 72830 | Zot:5    | Gained mutation: You are partially covered in rugged brown scales. (AC +1, +3% HP) [potion of mutation]
 72830 | Zot:5    | Gained mutation: You are resistant to hostile enchantments. (MR+) [potion of mutation]
 72846 | Zot:5    | Noticed an orb of fire
 73091 | Zot:5    | Reached XP level 27. HP: 141/141 MP: 38/47
 73505 | Zot:5    | Got the Orb of Zot
 73731 | Zot:1    | Noticed Soqoz the pandemonium lord
 74250 | D:1      | Lost mutation: You occasionally shout uncontrollably at your foes. [potion of mutation]
 74250 | D:1      | Lost mutation: You expend magic power (3 MP) to strengthen your wands. [potion of mutation]
 74250 | D:1      | Gained mutation: You are agile. (Dex +2) [potion of mutation]
 74250 | D:1      | Gained mutation: Your body sometimes deteriorates upon taking damage. [potion of mutation]
 74250 | D:1      | Gained mutation: You can translocate small distances at will. [potion of mutation]
 74253 | D:$      | Escaped with the Orb!

Skill      XL: |  1  2  3  4  5  6  7  8  9 10 11 12 13 14 15 16 17 18 19 20 21 22 23 24 25 26 27 |
---------------+----------------------------------------------------------------------------------+-----
Hexes          | 4 5 6 7 9 10 12 13 14 16 17 18 | 18.5
Dodging        | 4 5 6 7 9 10 11 13 14 15 17 22 23 24 25 27 | 27.0
Spellcasting   | 3 4 5 6 9 11 12 14 15 17 18 19 | 19.1
Stealth        | 5 6 8 10 11 13 14 18 21 23 25 26 27 | 27.0
Short Blades   | 2 3 4 5 6 7 8 9 10 12 14 | 14.0
Ice Magic      | 1 |  1.3
Fighting       | 1 2 3 4 5 6 7 8 11 12 | 12.2
Translocations | 1 4 6 |  6.2
Evocations     | 1 5 7 8 9 11 13 | 13.8
Invocations    | 3 4 6 7 8 9 10 11 13 | 13.2
Shields        | 2 4 5 6 7 |  7.2
Charms         | 4 7 8 10 12 13 15 | 15.7
Poison Magic   | 2 3 |  3.7
Air Magic      | 1 3 4 6 7 8 9 10 | 10.2
Summonings     | 3 4 |  4.1
Armour         | 2 3 5 8 9 10 | 10.7

Action                   |  1- 3 |  4- 6 |  7- 9 | 10-12 | 13-15 | 16-18 | 19-21 | 22-24 | 25-27 || total
-------------------------+-------+-------+-------+-------+-------+-------+-------+-------+-------++-------
Melee: Dagger            |   192 |   231 |   213 |   350 |   571 |     1 |       |       |       ||  1558
       Short sword       |       |       |       |       |   313 |   848 |       |       |       ||  1161
       Rapier            |       |       |       |       |       |   338 |  1103 |   758 |   625 ||  2824
 Cast: Corona            |     2 |       |       |       |       |       |       |       |       ||     2
       Ensorcelled Hiber |     7 |    42 |    55 |   150 |   315 |   151 |   249 |   175 |    54 ||  1198
       Confuse           |       |     2 |    10 |    30 |   115 |   203 |   175 |   114 |    22 ||   671
       Dazzling Spray    |       |       |       |       |    86 |   124 |    99 |   171 |   499 ||   979
       Regeneration      |       |       |       |       |     1 |       |       |     6 |    10 ||    17
       Blink             |       |       |       |       |       |     1 |       |     2 |     3 ||     6
       Summon Mana Viper |       |       |       |       |       |       |     2 |    12 |    25 ||    39
       Deflect Missiles  |       |       |       |       |       |       |       |       |     7 ||     7
 Abil: Evoke Flight      |       |       |       |       |       |       |       |     2 |       ||     2
Evoke: Sack of spiders   |       |       |       |       |     1 |       |       |     1 |       ||     2
       Phial of floods   |       |       |       |       |       |       |       |     1 |       ||     1
       Wand              |       |       |       |       |       |       |       |       |     5 ||     5
  Use: Scroll            |       |       |     2 |    25 |     6 |    18 |     7 |     7 |     5 ||    70
       Potion            |       |       |       |       |       |     3 |     1 |     6 |    22 ||    32
 Stab: Sleeping          |    14 |    18 |    36 |   159 |   265 |   251 |   252 |   137 |    54 ||  1186
       Confused          |       |       |     9 |    15 |    53 |   103 |    82 |    80 |    18 ||   360
       Distracted        |       |       |     2 |       |    10 |    25 |    28 |     9 |    10 ||    84
       Invisible         |       |       |       |       |    15 |    32 |    17 |    24 |    64 ||   152
  Eat: Ration            |       |     2 |     2 |     4 |     5 |     9 |     6 |     6 |     6 ||    40
Armor: Robe              |    29 |    17 |    12 |     8 |    35 |    46 |    35 |       |       ||   182
       Acid dragon scale |       |       |       |       |       |       |     8 |   116 |    75 ||   199
Dodge: Dodged            |   167 |   169 |   148 |   232 |   810 |   751 |   662 |   829 |   632 ||  4400
       Deflected         |       |       |       |     4 |     8 |    46 |       |       |    28 ||    86
Block: Buckler           |       |       |       |    18 |   270 |   292 |   343 |   423 |   242 ||  1588
